 Dungeon Crawl Stone Soup version 0.22.1-2-g9c5b331383 (webtiles) character file.

628 Knicklaso the Ruffian (level 7, 0/70 HPs)
             Began as a Troll Hunter on Dec 4, 2018.
             Slain by a quokka (2 damage)
             ... on level 5 of the Dungeon.
             The game lasted 00:04:16 (2577 turns).

Knicklaso the Ruffian (Troll Hunter)                Turns: 2577, Time: 00:04:17

Health: 0/70       AC:  5    Str: 23    XL:     7   Next: 23%
Magic:  6/6        EV: 10    Int:  7    God:
Gold:   225        SH:  0    Dex: 10    Spells: 6/6 levels left

rFire    . . .     SeeInvis .   j - +1 dagger (elec)
rCold    . . .     Gourm    +   (no shield)
rNeg     . . .     Faith    .   b - +0 robe
rPois    .         Spirit   .   (helmet restricted)
rElec    .         Reflect  .   (no cloak)
rCorr    .         Harm     .   (gloves unavailable)
MR       .....                  (boots unavailable)
Stlth    +.........             (no amulet)
HPRegen  0.61/turn              (no ring)
MPRegen  0.10/turn              (no ring)

@: no status effects
A: large, unfitting armour, claws 3, fast metabolism 3, gourmand, regeneration
1, shaggy fur 1, tough skin 2
a: no special abilities


You were on level 5 of the Dungeon.
You were not hungry.

You visited 1 branch of the dungeon, and saw 5 of its levels.

You collected 225 gold pieces.

Inventory:

Hand Weapons
 j - a +1 dagger of electrocution (weapon)
Missiles
 a - 216 stones
 c - 5 large rocks (quivered)
 d - 3 throwing nets
Armour
 b - a +0 robe (worn)
Jewellery
 p - an uncursed ring of protection from cold {unknown}
 u - an uncursed amulet of regeneration {unknown}
 v - an uncursed ring of protection from fire {unknown}
 y - a cursed -3 ring of protection {unknown}
Wands
 o - a wand of clouds (6)
Scrolls
 e - 5 scrolls of identify {unknown}
 h - 2 scrolls of random uselessness {unknown}
 i - 2 scrolls of enchant armour {unknown}
 k - 2 scrolls of remove curse {unknown}
 l - 3 scrolls of teleportation {unknown}
 n - a scroll of fog {unknown}
 s - a scroll of magic mapping {unknown}
 t - 2 scrolls of blinking {unknown}
 x - a scroll of noise {unknown}
Potions
 g - a potion of heal wounds {unknown}
 m - 3 potions of degeneration {unknown}
 q - a potion of resistance {unknown}
 r - a potion of invisibility {unknown}
 w - a potion of ambrosia {unknown}
 z - a potion of brilliance {unknown}
 A - a potion of might {unknown}
 B - a potion of curing {unknown}
Comestibles
 f - 8 rations


   Skills:
 + Level 4.0 Fighting
 - Level 3.6 Throwing
 - Level 1.5 Dodging
 - Level 0.3 Stealth
 * Level 6.3 Unarmed Combat


You had 6 spell levels left.
You didn't know any spells.
Your spell library was empty.

Dungeon Overview and Level Annotations

Branches:
Dungeon (5/15)
 Temple: D:4-7

Altars:
Fedhas
Makhleb


Innate Abilities, Weirdness & Mutations

You are too large for most types of armour.
You have claws for hands.
Your metabolism is lightning-fast.
You like to eat raw meat.
Your natural rate of healing is unusually fast.
You are covered in fur. (AC +1)
You have very tough skin. (AC +2)


Message History

The centaur shoots an arrow.
The arrow hits you!
* * * LOW HITPOINT WARNING * * *
You see here an arrow.
The centaur shoots an arrow.
The arrow hits you.
* * * LOW HITPOINT WARNING * * *
The quokka twitches its whiskers.
The quokka bites you.
* * * LOW HITPOINT WARNING * * *
The quokka bites you but does no damage.
The quokka bites you but does no damage.
The quokka bites you.
* * * LOW HITPOINT WARNING * * *
The quokka bites you but does no damage.
The centaur unwields an uncursed shortbow.
The centaur hits you.
* * * LOW HITPOINT WARNING * * *
You hit the centaur but do no damage. The centaur hits you.
* * * LOW HITPOINT WARNING * * *
The quokka bites you.
You die...

### ####.(c.......
#.#######....#(.......
#.......^.####.......(
###......c####......W.
######..........#........
.............##.#........
#....#.......##.##.......
#<..##.......##cr##......
#.#.##.......###@.####.##
.†...<.......# ##.#
..........#### #.#
.......##.# #..
..........# ###.
..<....#..# ..
......##### .. .....##
... .##.##


You could see a centaur and a quokka.

Vanquished Creatures
  Sigmund (D:2)
  2 ogres (D:4)
  A scorpion (D:4)
  2 hounds
  A worker ant (D:5)
  2 gnolls (D:3)
  3 adders
  An ooze (D:2)
  2 worms (D:3)
  3 dart slugs
  4 leopard geckos
  10 orcs
  7 bats
  9 giant cockroaches
  5 goblins
  3 hobgoblins
  7 jackals
  8 kobolds
  6 quokkas
  2 ball pythons (D:3)
  5 frilled lizards
  A leopard gecko skeleton (D:4)
  A leopard gecko zombie (D:5)
  7 rats
  A plant (D:3)
94 creatures vanquished.

Vanquished Creatures (others)
  5 toadstools (D:1)
5 creatures vanquished.

Grand Total: 99 creatures vanquished

Notes
Turn   | Place    | Note
-------+----------+-------------------------------------------
     0 | D:1      | Knicklaso the Troll Hunter began the quest for the Orb.
     0 | D:1      | Reached XP level 1. HP: 19/19 MP: 0/0
   113 | D:1      | Reached skill level 1 in Unarmed Combat
   117 | D:1      | Reached XP level 2. HP: 28/28 MP: 1/1
   560 | D:2      | Reached skill level 2 in Unarmed Combat
   705 | D:2      | Noticed Sigmund
   720 | D:2      | Killed Sigmund
   720 | D:2      | Reached skill level 4 in Unarmed Combat
   720 | D:2      | Reached XP level 3. HP: 12/36 MP: 2/2
   720 | D:2      | Reached XP level 4. HP: 15/44 MP: 3/3
   720 | D:2      | Reached XP level 5. HP: 18/52 MP: 4/4
   946 | D:2      | Found a blossoming altar of Fedhas.
  1287 | D:3      | Found a burning altar of Makhleb.
  1287 | D:3      | Noticed an Executioner
  1384 | D:3      | Reached XP level 6. HP: 61/61 MP: 5/5
  1631 | D:3      | Reached skill level 5 in Unarmed Combat
  1739 | D:3      | Noticed a ynoxinul
  1739 | D:3      | Noticed a ynoxinul
  2087 | D:4      | Reached skill level 6 in Unarmed Combat
  2087 | D:4      | Reached XP level 7. HP: 68/68 MP: 6/6
  2509 | D:5      | Entered Level 5 of the Dungeon
  2565 | D:5      | HP: 3/70 [quokka (2)]
  2577 | D:5      | HP: 2/70 [centaur (4)]
  2577 | D:5      | Slain by a quokka

Skill      XL: |  1  2  3  4  5  6  7 |
---------------+----------------------+-----
Unarmed Combat | 1 4 6 |  6.3
Fighting       | 2 3 4 |  4.0
Throwing       | |  3.6
Dodging        | |  1.5
Stealth        | |  0.3

Action                   |  1- 3 |  4- 6 |  7- 9 || total
-------------------------+-------+-------+-------++-------
Melee: Unarmed           |    28 |       |       ||    28
       Dagger            |    40 |   199 |    26 ||   265
       Punch             |     1 |     9 |       ||    10
 Stab: Sleeping          |     1 |     3 |     1 ||     5
  Eat: Chunk             |     4 |    15 |     2 ||    21
Armor: Robe              |    25 |    67 |     8 ||   100
Dodge: Dodged            |    43 |    83 |    20 ||   146
